 Dungeon Crawl Stone Soup version 0.23-a0-139-ga22e90c45f (webtiles) character file.

250 Napalmbreeze the Chopper (level 5, 40/49 HPs)
             Began as a Deep Dwarf Fighter on Aug 31, 2018.
             Quit the game on level 3 of the Dungeon.
             The game lasted 00:02:39 (2153 turns).

Napalmbreeze the Chopper (Deep Dwarf Fighter)       Turns: 2153, Time: 00:02:39

Health: 40/49      AC:  8    Str: 20    XL:     5   Next: 88%
Magic:  3/12       EV:  8    Int:  8    God:
Gold:   157        SH:  9    Dex: 13    Spells: 4/4 levels left

rFire    . . .     SeeInvis .   a - +0 war axe
rCold    . . .     Gourm    .   c - +0 shield
rNeg     . . .     Faith    .   b - +0 scale mail
rPois    .         Spirit   .   e - +0 helmet
rElec    .         Reflect  .   (no cloak)
rCorr    .         Harm     .   (no gloves)
MR       .....                  (no boots)
Stlth    ..........             (no amulet)
HPRegen  0.00/turn              n - ring of attention (curse)
MPRegen  0.13/turn              o - ring of magical power

@: non-regenerating, drained
A: damage resistance, heal wounds, sense surroundings 1, no regeneration
a: Heal Wounds


You were on level 3 of the Dungeon.
You were hungry.

You visited 1 branch of the dungeon, and saw 3 of its levels.

You collected 157 gold pieces.

Inventory:

Hand Weapons
 a - a +0 war axe (weapon)
Armour
 b - a +0 scale mail (worn)
 c - a +0 shield (worn)
 e - a +0 helmet (worn)
Jewellery
 n - a cursed ring of attention (left hand)
 o - a ring of magical power (right hand)
Scrolls
 g - 2 scrolls of remove curse {unknown}
 h - a scroll of amnesia {unknown}
 i - a scroll of fear {unknown}
 j - 2 scrolls of teleportation {unknown}
 l - 2 scrolls of identify {unknown}
Potions
 d - a potion of might
 k - a potion of brilliance {unknown}
 m - a potion of heal wounds {unknown}
Comestibles
 f - 4 rations


   Skills:
 + Level 3.5 Fighting
 * Level 4.6(4.5) Axes
 + Level 4.4(4.3) Armour
 + Level 2.5(2.4) Dodging
 - Level 3.2 Shields


You had 4 spell levels left.
You didn't know any spells.
Your spell library was empty.

Dungeon Overview and Level Annotations

Branches:
Dungeon (3/15)

Altars:
Dithmenos
Sif Muna
Yredelemnul


Innate Abilities, Weirdness & Mutations

You are resistant to damage.
You can heal yourself by infusing magical energy.
You passively map a small area around you.
You do not regenerate.


Message History

Your shield and scale mail prevent you from hitting the goblin.
The goblin closely misses you.
You slash the goblin!
You kill the goblin!
Things that are here:
a dagger; a goblin corpse Your magical essence is drained by the effort!
You feel much better.
o - a peridot ring
Found a stone staircase leading down.
Put on which piece of jewellery? (? for menu, Esc to quit)
Oops, that ring feels deathly cold.
n - a cursed ring of attention (left hand) Put on which piece of jewellery? (? for menu, Esc to quit)
You feel your magic capacity increase.
o - a ring of magical power (right hand)
Your library has no spells.
Quiver which item? (- for none, * to show all) (? for menu, Esc to quit)
Okay, then.
Are you sure you want to abandon this character and quit the game? (Confirm

, #......#### ,
###...#.## , , #., *
#.......#
*#..#####.##...#####
,
*#.......##.......##
*
*######.............#
*
#......#............
#.##....[#..........
* ,
#@.#####.......... ,
#>.....## #..........
* #..###..#
#.......... * #..#
###.......# * #..#
#......... * ##.. *
#......... ,,..#
#......... * *
######.###......... ,
,,
#........*.........


There were no monsters in sight!

Vanquished Creatures
  A big kobold (D:3)
  An orc priest (D:3)
  3 orc wizards (D:3)
  2 adders
  An ooze (D:2)
  A worm (D:2)
  4 leopard geckos
  5 orcs (D:3)
  3 bats
  4 giant cockroaches
  4 goblins
  4 hobgoblins
  11 kobolds
  3 rats
47 creatures vanquished.

Notes
Turn   | Place    | Note
-------+----------+-------------------------------------------
     0 | D:1      | Napalmbreeze the Deep Dwarf Fighter began the quest for the
                  | Orb.
     0 | D:1      | Reached XP level 1. HP: 20/20 MP: 1/1
   652 | D:1      | Reached XP level 2. HP: 21/27 MP: 2/2
   962 | D:2      | Reached skill level 1 in Dodging
  1009 | D:2      | Reached XP level 3. HP: 21/33 MP: 3/3
  1065 | D:2      | Found a basalt altar of Yredelemnul.
  1424 | D:2      | Found a deep blue altar of Sif Muna.
  1424 | D:2      | Found a shadowy altar of Dithmenos.
  1793 | D:3      | Reached XP level 4. HP: 35/42 MP: 3/3
  1800 | D:3      | Reached XP level 5. HP: 49/49 MP: 4/4
  2153 | D:3      | Quit the game

Vault maps used:
D:1:      onia_arrival_pentagram
D:2:      gammafunk_temple_overflow_wave, yredelemnul_altar_generic,
          first_ration
D:3:      cheibrodos_thug_alley, ashenzari_altar_1, uniq_sigmund

Skill      XL: |  1  2  3  4 |
---------------+-------------+-----
Dodging        | 1 2 |  2.5
Axes           | 3 4 |  4.6
Fighting       | 3 |  3.5
Armour         | 4 |  4.4
Shields        | |  3.2

Action                   |  1- 3 |  4- 6 || total
-------------------------+-------+-------++-------
Melee: War axe           |   111 |    42 ||   153
 Abil: Heal Wounds       |     2 |     2 ||     4
  Eat: Ration            |     1 |       ||     1
Armor: Scale mail        |    80 |    28 ||   108
Dodge: Dodged            |    34 |    12 ||    46
Block: Shield            |    54 |    26 ||    80

Table legend:
 A = Non-vault XP
 B = Vault XP
 C = Vault XP percentage of total XP
 D = Non-vault monster count
 E = Vault monster count
 F = Vault count percentage of total count
                 A         B        C        D         E       F
            +---------+---------+-------+---------+---------+-------
      Total |     254 |     104 |  29.1 |      38 |       9 |  19.1
            +---------+---------+-------+---------+---------+-------
        D:1 |      12 |       0 |   0.0 |       7 |       0 |   0.0
        D:2 |      43 |       0 |   0.0 |      13 |       0 |   0.0
        D:3 |     199 |     104 |  34.3 |      18 |       9 |  33.3
            +---------+---------+-------+---------+---------+-------
